 Dungeon Crawl Stone Soup version 0.26.1-11-gd32895ea62 (webtiles) character file.

Game seed: 7419369272307866382

387 infcreate the Charlatan (level 6, 54/55 HPs)
             Began as a Deep Dwarf Artificer on May 17, 2021.
             Quit the game in the Ecumenical Temple.
             The game lasted 00:14:41 (2880 turns).

infcreate the Charlatan (Deep Dwarf Artificer)      Turns: 2880, Time: 00:14:42

Health: 54/55      AC: 10    Str: 17    XL:     6   Next: 49%
Magic:  4/4        EV:  7    Int: 12    God:
Gold:   195        SH:  3    Dex: 13    Spells: 5/5 levels left

rFire    . . .     SeeInvis .   a - +0 war axe
rCold    . . .     Faith    .   r - +0 buckler
rNeg     . . .     Spirit   .   q - +0 chain mail
rPois    +         Reflect  .   (no helmet)
rElec    .         Harm     .   (no cloak)
rCorr    .         Rampage  .   (no gloves)
Will     .....                  o - +0 pair of boots
Stlth    ..........             (no amulet)
HPRegen  0.00/turn              P - ring of poison resistance
MPRegen  0.09/turn              (no ring)

@: non-regenerating
A: damage resistance, heal wounds, sense surroundings 1, no regeneration
a: Heal Wounds


You were in the Ecumenical Temple.
You visited 2 branches of the dungeon, and saw 5 of its levels.

You collected 195 gold pieces.


Innate Abilities, Weirdness & Mutations

You are resistant to damage.
You can heal yourself by infusing magical energy.
You passively map a small area around you.
You do not regenerate.


   Skills:
 + Level 2.8 Fighting
 + Level 2.7 Axes
 + Level 3.8 Armour
 + Level 3.2 Dodging
 - Level 1.2 Stealth
 + Level 0.3 Shields
 + Level 5.7 Evocations


You had 5 spell levels left.
You didn't know any spells.
Your spell library was empty.

Inventory:

Hand Weapons
 a - a +0 war axe (weapon)
Armour
 o - a +0 pair of boots (worn)
 q - a +0 chain mail (worn)
 r - a +0 buckler (worn)
Jewellery
 P - a ring of poison resistance (left hand)
Wands
 c - a wand of flame (7) (quivered)
 d - a wand of enslavement (15)
 e - a wand of random effects (26)
Scrolls
 f - a scroll of teleportation {@r4}
 h - 3 scrolls of identify {@r1}
 i - a scroll of blinking {unknown}
 l - a scroll of fear {unknown}
 n - 5 scrolls of remove curse {@r2}
 s - a scroll of magic mapping
 t - a scroll of enchant weapon {unknown}
Potions
 b - a potion of haste {unknown}
 g - 2 potions of curing {unknown}
 j - 2 potions of heal wounds {@q2}
 k - a potion of cancellation {unknown}
 m - a potion of berserk rage {unknown}
 p - a potion of ambrosia {unknown}

Dungeon Overview and Level Annotations

Branches:
Dungeon (4/15)             Temple (1/1) D:4

Altars:
Ashenzari
Cheibriados
Dithmenos
Elyvilon
Fedhas
Gozag
Hepliaklqana
Kikubaaqudgha
Makhleb
Nemelex Xobeh
Okawaru
Qazlal
Ru
Sif Muna
Trog
Uskayaw
Vehumet
Xom
Yredelemnul
Zin
The Shining One

▒▒..▒.▒▒.....▒......⚑...▒≈≈≈≈≈≈≈
..▒▒.▒..▒▒....▒........▒.≈≈≈≈≈≈≈
.....▒....▒▒..▒..⚑.....▒.≈≈≈≈≈≈≈
......▒.....▒▒........▒..≈≈≈≈≈≈≈
⚑.....▒....▒..▒▒......▒.≈≈≈≈≈≈≈▒
.......▒.⚑.▒....▒▒...▒...≈≈≈≈▒▒≈≈
.......▒....▒.....▒▒.▒.<.≈≈▒▒≈≈≈≈
........▒...▒.......▒....≈≈≈≈≈≈≈
........▒....▒..@...▒..▒▒≈≈≈≈≈≈≈
..▒▒..⚑..▒...▒.......▒▒..≈≈≈≈≈≈≈
▒▒..▒....▒....▒....▒▒....≈≈≈≈≈≈≈
....▒..▒▒.▒▒..▒..▒▒..▒...≈≈≈≈≈≈≈≈
.⚑.▒.▒▒..▒▒▒▒▒.▒▒....▒..≈≈≈≈≈≈≈≈
...▒.....▒ ▒▒...⚑.▒...≈≈≈≈≈≈≈≈
..▒.....▒▒ ▒▒.....▒....≈≈≈≈≈≈≈
..▒.⚑...▒▒ ▒.....▒.....≈≈≈≈≈≈≈
.▒....▒▒.▒▒▒▒▒..▒▒.▒.⚑...≈≈≈≈≈≈≈


There were no monsters in sight!


Message History

Found a glowing silver altar of Zin.
Found an ancient bone altar of Kikubaaqudgha.
There is a shimmering blue altar of Sif Muna here.
Found a snail-covered altar of Cheibriados.
Found a blossoming altar of Fedhas.
Found a white marble altar of Elyvilon.
Found a burning altar of Makhleb and a shimmering altar of Xom.
Found a shadowy altar of Dithmenos.
Found a broken altar of Ashenzari.
Found a stormy altar of Qazlal.
Found a radiant altar of Vehumet.
Found a glowing golden altar of the Shining One.
Found an opulent altar of Gozag.
Found a sacrificial altar of Ru.
Found a basalt altar of Yredelemnul.
Found a hide-covered altar of Uskayaw.
Found an iron altar of Okawaru.
There is an iron altar of Okawaru here.
There is a staircase back to the Dungeon here.
Key pressed, stopping explore.
Partly explored, can't reach some places.
Partly explored, can't reach some places.
There is a radiant altar of Vehumet here.
There is a broken altar of Ashenzari here.
You kneel at the altar of Ashenzari.
There is a hide-covered altar of Uskayaw here.
You kneel at the altar of Uskayaw.
There is a glowing silver altar of Zin here.
You kneel at the altar of Zin.
Are you sure you want to abandon this character and quit the game? (Confirm with "yes".)

Skill      XL: |  1  2  3  4  5 |
---------------+----------------+-----
Fighting       | 1 2 |  2.8
Dodging        | 2 3 |  3.2
Axes           | 1 2 |  2.7
Armour         | 3 |  3.8
Evocations     | 5 |  5.7
Stealth        | |  1.2
Shields        | |  0.3

Action                   |  1- 3 |  4- 6 || total
-------------------------+-------+-------++-------
Melee: Club              |    67 |       ||    67
       Hand axe          |    96 |    55 ||   151
       Short sword       |    10 |       ||    10
       War axe           |       |    93 ||    93
 Abil: Heal Wounds       |     2 |     5 ||     7
Evoke: Wand              |     1 |    17 ||    18
  Use: Scroll            |       |     4 ||     4
 Stab: Sleeping          |     4 |       ||     4
Armor: Leather armour    |    38 |    14 ||    52
       Chain mail        |       |    65 ||    65
Dodge: Dodged            |   132 |    71 ||   203
Block: Buckler           |       |    14 ||    14

Levels and vault maps discovered:
D:1:      amcnicky_arrival_blooded_trapdoor, layout_basic, minmay_box_of_dots
D:2:      layout_basic, st_stairs_6, skrybe_limestone_x, hex_tiny,
          minmay_misc_feat_tower, fedhas_ov_isle_minmay, uniq_sigmund,
          uniq_terence
D:3:      layout_rooms, minmay_misc_feat_rugged
D:4:      layout_loops_ring, temple_green, uniq_menkaure
Temple:   regret_index_temple_sigil_plot

Notes
Turn   | Place    | Note
-------+----------+-------------------------------------------
     0 | D:1      | infcreate the Deep Dwarf Artificer began the quest for the
                  | Orb.
     0 | D:1      | Reached XP level 1. HP: 16/16 MP: 1/1
    65 | D:1      | Reached skill level 1 in Fighting
   202 | D:1      | Reached XP level 2. HP: 20/25 MP: 2/2
   592 | D:2      | Reached XP level 3. HP: 15/31 MP: 2/2
   667 | D:2      | Reached skill level 2 in Dodging
   710 | D:2      | Found a blossoming altar of Fedhas.
   784 | D:2      | Reached skill level 1 in Axes
   932 | D:2      | Reached XP level 4. HP: 23/39 MP: 3/3
   949 | D:2      | Noticed Sigmund
  1203 | D:2      | Killed Sigmund
  1204 | D:2      | Reached skill level 2 in Fighting
  1204 | D:2      | Reached skill level 2 in Axes
  1204 | D:2      | Reached skill level 3 in Armour
  1204 | D:2      | Reached skill level 5 in Evocations
  1204 | D:2      | Reached XP level 5. HP: 37/46 MP: 4/4
  1331 | D:2      | Noticed Terence
  1348 | D:2      | Killed Terence
  1349 | D:2      | Reached skill level 3 in Dodging
  1352 | D:2      | Reached XP level 6. HP: 28/55 MP: 5/5
  2520 | D:4      | Found a staircase to the Ecumenical Temple.
  2534 | Temple   | Entered the Ecumenical Temple
  2880 | Temple   | Quit the game

Vanquished Creatures
  Sigmund (D:2)
  2 orc priests (D:3)
  Terence (D:2)
  4 adders
  5 dart slugs
  3 leopard geckos
  10 orcs
  6 bats
  3 giant cockroaches
  7 goblins
  11 hobgoblins
  7 jackals (D:2)
  7 kobolds
  2 ball pythons
  9 frilled lizards
  10 rats
88 creatures vanquished.

Table legend: (Time is in decaauts)
 A = Elapsed time spent in this place.
 B = Non-inter-level travel time spent in this place.
 C = Inter-level travel time spent in this place.
 D = Time resting spent in this place.
 E = Time spent auto-exploring this place.
 F = Levels seen in this place.
 G = Mean time per level.
                   A        B        C        D        E       F      G
               +--------+--------+--------+--------+--------+-----+--------+
         Total |   2979 |   2633 |    346 |     24 |   1667 |   5 |  595.8 |
       Dungeon |   2633 |   2332 |    301 |     24 |   1391 |   4 |  658.2 |
        Temple |    345 |    300 |     45 |      0 |    276 |   1 |  345.0 |
               +--------+--------+--------+--------+--------+-----+--------+

Top non-repeatable levels by time:
     D:2: 1205 daAuts
     D:3: 665 daAuts
     D:1: 638 daAuts
  Temple: 345 daAuts
     D:4: 123 daAuts

Table legend:
 A = Non-vault XP
 B = Vault XP
 C = Vault XP percentage of total XP
 D = Non-vault monster count
 E = Vault monster count
 F = Vault count percentage of total count
                 A         B        C        D         E       F
            +---------+---------+-------+---------+---------+-------
      Total |     286 |     268 |  48.4 |      82 |       6 |   6.8
            +---------+---------+-------+---------+---------+-------
        D:1 |      36 |       4 |  10.0 |      19 |       3 |  13.6
        D:2 |      88 |     264 |  75.0 |      31 |       3 |   8.8
        D:3 |     159 |       0 |   0.0 |      31 |       0 |   0.0
        D:4 |       3 |       0 |   0.0 |       1 |       0 |   0.0
            +---------+---------+-------+---------+---------+-------
